Map: Inside and Out

Players

PattyMac

  • Race: Protoss Protoss
  • Spawn Location: 7:00

Lambo - Winner!

  • Race: Zerg Zerg
  • Spawn Location: 1:00

Event: DreamHack SC2 Masters 2022 Atlanta (Offline)

VOD

Have the link to the VOD?

Description

Time

  • Played on: Nov. 18, 2022, 10:50 a.m.
  • Length: 8:57

All games in this series

Show
View Real Time Build Order
Export as new Build Order

PattyMac Protoss 

Build Orders: 1 Gate Expand, Oracle Opening 

Get SALT Encoding   

  12  0:00  Probe  
  13  0:12  Probe  
  14  0:18  Pylon  
  14  0:24  Probe  
  14  0:28  Assimilator  
  15  0:36  Probe (Chrono Boost)  
  16  0:44  Gateway  
  17  0:50  Probe (Chrono Boost)  
  17  0:54  Probe (Chrono Boost)  
  18  1:05  Probe  
  19  1:17  Probe  
  20  1:23  Nexus  
  20  1:32  Cybernetics Core  
  20  1:35  Probe  
  21  1:41  Assimilator  
  21  1:47  Probe  
  21  1:49  Pylon  
  22  1:59  Probe (Chrono Boost)  
  23  2:08  Adept  
  25  2:12  Stargate, Probe (Chrono Boost)  
  26  2:18  Probe (Chrono Boost)  
  26  2:19  Warp Gate  
  27  2:27  Probe (Chrono Boost)  
  30  2:37  Probe x2 (Chrono Boost)  
  30  2:38  Adept  
  33  2:45  Probe (Chrono Boost)  
  33  2:46  Probe (Chrono Boost)  
  34  2:53  Probe  
  34  2:54  Probe  
  40  3:00  Void Ray (Chrono Boost)  
  40  3:02  Pylon  
  40  3:05  Probe  
  41  3:07  Probe  
  42  3:13  Gateway  
  42  3:17  Probe  
  42  3:19  Probe  
  44  3:29  Probe  
  44  3:30  Oracle (Chrono Boost)  
  44  3:32  Probe  
  49  3:42  Probe  
  49  3:43  Nexus  
  49  3:46  Pylon  
  50  3:50  Probe  
  50  3:51  Assimilator  
  50  3:54  Probe  
  52  3:56  Assimilator  
  52  4:02  Probe  
  53  4:03  Oracle (Chrono Boost)  
  53  4:07  Probe  
  57  4:14  Pylon  
  57  4:16  Twilight Council  
  57  4:29  Probe  
  57  4:31  Probe  
  59  4:36  Gateway x2  
  59  4:41  Probe, Gateway  
  59  4:45  Gateway, Probe (Chrono Boost)  
  61  4:46  Pylon  
  61  4:47  Resonating Glaives (Chrono Boost)  
  61  4:55  Adept  
  61  4:56  Probe (Chrono Boost)  
  61  4:57  Probe (Chrono Boost)  
  66  5:03  Probe (Chrono Boost)  
  66  5:04  Adept  
  66  5:06  Probe (Chrono Boost)  
  70  5:08  Probe (Chrono Boost)  
  70  5:10  Probe (Chrono Boost)  
  71  5:14  Pylon  
  71  5:16  Probe  
  71  5:17  Adept  
  71  5:18  Probe  
  75  5:27  Adept, Probe  
  75  5:28  Probe  
  79  5:33  Adept x2  
  83  5:36  Probe  
  83  5:38  Adept x2  
  83  5:42  Pylon  
  88  5:44  Adept  
  88  5:45  Probe  
  88  5:47  Adept  
  93  5:53  Adept x2  
  93  5:55  Probe  
  98  5:57  Nexus  
  98  6:05  Blink (Chrono Boost)  
  98  6:06  Gateway  
  98  6:10  Adept  
  100  6:11  Gateway  
  100  6:14  Probe  
  100  6:15  Adept  
  103  6:21  Probe  
  96  6:32  Stalker x5  
  96  6:37  Shield Battery  
  96  6:38  Probe  
  93  6:40  Shield Battery  
  93  6:46  Shield Battery  
  89  6:47  Stalker  
  89  6:48  Probe  
  89  6:50  Shield Battery  
  92  6:55  Forge  
  92  6:56  Stalker x2  
  92  6:58  Pylon  
  92  7:00  Shield Battery  
  92  7:01  Probe  
  97  7:06  Shield Battery, Stalker  
  99  7:10  Stalker, Pylon  
  101  7:16  Stalker x2  
  101  7:20  Shield Battery  
  105  7:24  Shield Battery, Probe  
  105  7:26  Probe  
  107  7:30  Stalker x3  
  107  7:35  Probe  
  114  7:37  Stalker  
  114  7:43  Pylon  
  116  7:46  Stalker x3  
  118  7:55  Stalker x3  
  122  8:03  Stalker  
  122  8:04  Zealot  
  122  8:05  Robotics Facility  
  113  8:14  Zealot x3  
  117  8:20  Zealot x2  
  117  8:24  Probe  
  108  8:28  Gateway  
  108  8:32  Gateway  
  100  8:35  Stalker x2  
  100  8:38  Stalker x2  
  88  8:43  Stalker x2  
Show
View Real Time Build Order
Export as new Build Order

Lambo Zerg - Winner!

Build Orders: Hatch First 

Get SALT Encoding   

  12  0:00  Drone  
  13  0:13  Overlord  
  13  0:17  Drone  
  14  0:31  Drone x2  
  16  0:49  Hatchery  
  15  0:51  Drone  
  15  0:54  Drone  
  17  0:58  Drone  
  18  1:08  Extractor  
  17  1:13  Spawning Pool  
  17  1:16  Drone  
  17  1:19  Drone  
  18  1:28  Drone  
  19  1:39  Drone  
  20  1:50  Drone  
  21  2:00  Queen x2  
  26  2:01  Zergling x2  
  26  2:02  Overlord  
  26  2:08  Metabolic Boost  
  26  2:12  Drone x2  
  28  2:22  Drone  
  29  2:24  Drone  
  30  2:35  Drone x2  
  34  2:39  Hatchery  
  31  2:44  Drone  
  31  2:46  Overlord  
  31  2:48  Queen  
  34  2:55  Zergling x2  
  35  2:59  Drone  
  35  3:04  Queen  
  38  3:09  Overlord  
  38  3:11  Drone x4  
  42  3:16  Drone  
  43  3:21  Drone  
  43  3:26  Overlord  
  44  3:27  Queen  
  44  3:32  Drone  
  46  3:43  Overlord  
  45  3:49  Drone x5  
  45  3:50  Queen  
  45  3:54  Spore Crawler, Drone  
  53  3:55  Drone  
  53  3:56  Drone, Overlord  
  53  4:00  Zergling x2  
  55  4:04  Zergling x4  
  55  4:09  Spore Crawler  
  56  4:15  Zergling x2  
  56  4:16  Drone x5  
  62  4:20  Roach Warren  
  61  4:30  Drone x5  
  61  4:31  Drone  
  67  4:33  Overlord  
  67  4:35  Overlord  
  67  4:36  Drone x2  
  69  4:40  Queen  
  69  4:42  Drone  
  69  4:44  Zergling x2  
  73  4:46  Spore Crawler  
  73  4:48  Zergling x2  
  73  4:52  Lair, Overlord  
  73  4:53  Extractor  
  73  4:54  Extractor, Overlord  
  73  4:57  Overlord  
  71  5:00  Drone x3  
  71  5:02  Drone x2  
  71  5:06  Drone x3  
  79  5:08  Drone x2  
  79  5:10  Drone x2  
  79  5:13  Drone  
  84  5:16  Drone  
  84  5:17  Extractor  
  84  5:27  Drone x3  
  87  5:29  Hatchery, Overlord  
  87  5:32  Extractor  
  87  5:33  Roach x2  
  89  5:39  Roach x3  
  89  5:42  Drone x2  
  97  5:44  Roach x2, Extractor  
  97  5:45  Queen  
  97  5:48  Drone x2  
  103  5:53  Roach x4  
  111  5:57  Glial Reconstitution  
  111  5:58  Overlord  
  111  6:00  Roach  
  111  6:01  Roach  
  111  6:02  Evolution Chamber  
  114  6:06  Roach x2  
  118  6:16  Overlord  
  117  6:22  Roach x7  
  126  6:31  Roach  
  128  6:35  Overlord  
  128  6:37  Overlord  
  128  6:38  Extractor, Overlord  
  128  6:39  Queen  
  131  6:40  Pneumatized Carapace  
  131  6:43  Zerg Missile Weapons Level 1, Overlord  
  131  6:46  Overlord  
  129  6:50  Ravager x2  
  129  6:51  Ravager x2  
  129  6:53  Roach x2  
  137  6:58  Zergling x2, Overlord  
  137  6:59  Zergling x6, Hatchery, Roach  
  142  7:04  Drone x3, Overlord  
  142  7:05  Drone  
  146  7:08  Overseer  
  146  7:10  Roach  
  146  7:13  Ravager  
  149  7:17  Roach x4  
  149  7:22  Roach x4  
  165  7:28  Roach x2  
  169  7:34  Roach x5  
  169  7:37  Ravager  
  180  7:40  Roach  
  179  7:45  Roach x5  
  183  7:53  Roach x4  
  188  8:03  Roach x3  
  192  8:06  Roach  
  192  8:11  Hydralisk Den  
  179  8:14  Roach x5  
  177  8:20  Roach x5  
  170  8:32  Roach x3  
  166  8:35  Roach x5  
Tags
 
Add a new tag
Caveats
  • Supply blocks, unpowered buildings, or Contaminate may cause inaccurate times.
  • Supply counts are checked every 10 seconds.